 Dungeon Crawl Stone Soup version 0.31-a0-185-g9dded2c639 (webtiles) character file.

Game seed: 16640165360055068583

116 qw the Skirmisher (level 4, 0/25 HPs)
             Began as a Deep Elf Hunter on June 22, 2023.
             Killed from afar by an electric eel (12 damage)
             ... with a bolt of electricity
             ... on level 6 of the Dungeon.
             The game lasted 00:00:41 (1865 turns).

qw the Skirmisher (Deep Elf Hunter)                 Turns: 1865, Time: 00:00:41

Health: 0/25       AC:  5    Str: 10    XL:     4   Next: 70%
Magic:  6/6        EV: 11    Int: 14    God:
Gold:   189        SH:  0    Dex: 18    Spells: 3/3 levels left

rFire   . . .        Y - +3 shortbow (chaos)
rCold   . . .        (shield currently unavailable)
rNeg    . . .        j - +0 ring mail
rPois   .            (no helmet)
rElec   .            (no cloak)
rCorr   .            (no gloves)
SInv    .            (no boots)
Will    +....        (no amulet)
Stlth   +            (no ring)
HPRegen 0.24/turn    (no ring)
MPRegen 0.10/turn

%: no passive effects
@: no status effects
A: high MP 1, strong-willed 1
a: no special abilities


You were on level 6 of the Dungeon.
You visited 1 branch of the dungeon, and saw 4 of its levels.

You collected 231 gold pieces.
You spent 42 gold pieces at shops.


Innate Abilities, Weirdness & Mutations

You have an increased reservoir of magic. (+10% MP)
You are strong-willed. (Will+)


   Skills:
 - Level 1.5 Fighting
 + Level 8.1 Ranged Weapons
 - Level 2.4 Dodging
 - Level 1.2 Stealth


You had 3 spell levels left.
You didn't know any spells.
Your spell library was empty.

Inventory:

Hand Weapons
 Y - a +3 shortbow of chaos (weapon)
Armour
 a - a +0 pair of boots
 j - a +0 ring mail (worn)
Scrolls
 c - a scroll of poison {unknown}
 d - a scroll of identify {unknown}
 i - a scroll of teleportation
Potions
 b - a potion of haste {unknown}
 e - a potion of mutation
 f - a potion of might {unknown}
 g - 2 potions of curing {unknown}
 h - a potion of lignification {unknown}

Dungeon Overview and Level Annotations

Branches:
Dungeon (6/15)
 Temple: D:4-7

Altars:

Shops:
D:1 *

Annotations:
D:6 exclusion: electric eel


Message History

Enter note:
Enter note:
Enter note:
Enter note:
Enter note:
Enter note:
Enter note:
Enter note:
d - a scroll labelled KIWKA IHEUSM
Enter note:
Enter note:
Enter note:
Enter note:
Enter note:
Enter note:
Enter note:
Enter note:
Enter note: A sourceless malevolence fills the Dungeon...
You fall into a shaft and drop 3 floors!
The shaft crumbles and collapses.
You open the door.
There is an open door here.
You now have 170 gold pieces (gained 12).
Found a ring mail and a club.
Waypoint 3 assigned to D:6.
Enter note: You see here a +0 ring mail.
You now have 189 gold pieces (gained 19).
An electric eel comes into view.
You shoot an arrow. The arrow hits the electric eel!
The electric eel is heavily wounded.
The electric eel shoots out a bolt of lightning at you!
The bolt of electricity hits you!
Ouch! That really hurt!
1865 ||| UPGRADING to +0 pair of boots.
The electric eel shoots out a bolt of lightning at you!
Keep equipping yourself?
The bolt of electricity hits you!
You die...

.......# ~~ .......###
~~ ~ ~~~ .........# 7P
~~~~~ #####.##.# ##~7
S7~~~ #.##[# ##.. ~~~~
#.)..#.##.# 7~~7
#....#.##.###.P7777
....#.....#....#.....7
.#....#.###.##.@..#
#....#.###.#...###
......#.....#...#
.#......#.....#.#
#.#.##.#.#####.# #.#
#.#.# ..# #.#.# ###
#.#.. #....


You could see an electric eel.

Vanquished Creatures
  Natasha (D:3)
  3 adders (D:2)
  3 orcs (D:3)
  9 endoplasms
  2 giant cockroaches
  11 goblins
  9 hobgoblins
  2 quokkas
  4 ball pythons
  3 bats (D:2)
  4 frilled lizards
  8 rats
59 creatures vanquished.

Notes
Turn   | Place    | Note
-------+----------+-------------------------------------------
     0 | D:1      | qw the Deep Elf Hunter began the quest for the Orb.
     0 | D:1      | Reached XP level 1. HP: 12/12 MP: 3/3
     0 | D:1      | 0 ||| qw: Version: 0.3-a-9-g12657ce
     0 | D:1      | 0 ||| qw: Game counter: 1750
     0 | D:1      | 0 ||| qw: Always use a shield: true
     0 | D:1      | 0 ||| qw: God list: Okawaru
     0 | D:1      | 0 ||| qw: Allow faded altars: false
     0 | D:1      | 0 ||| qw: Do Orc after D:15 true
     0 | D:1      | 0 ||| qw: Do second Lair branch before Depths: true
     0 | D:1      | 0 ||| qw: Lair rune preference: random
     0 | D:1      | 0 ||| qw: Plans: Normal
     0 | D:1      | 0 ||| PLANNING D:1-11
   188 | D:1      | Found Homehu's Assorted Antiques.
   205 | D:1      | 205 ||| BUYING amethyst potion (21 gold).
   205 | D:1      | Bought an amethyst potion for 21 gold pieces
   205 | D:1      | 205 ||| BUYING fuming orange potion (21 gold).
   205 | D:1      | Bought a fuming orange potion for 21 gold pieces
   205 | D:1      | 205 ||| SHOPLISTING runed robe (88 gold, have 11).
   205 | D:1      | 205 ||| SHOPLISTING scroll labelled HOIM ONKEWEUGH (24
                  | gold, have 11).
   242 | D:1      | Reached XP level 2. HP: 16/16 MP: 4/4
   244 | D:1      | Reached skill level 6 in Ranged Weapons
   408 | D:1      | 408 ||| FLEEEEING.
   409 | D:1      | 409 ||| FLEEEEING.
   410 | D:1      | 410 ||| FLEEEEING.
   494 | D:1      | 494 ||| UPGRADING to +0 leather armour of willpower.
   504 | D:1      | 504 ||| DROPPING +0 leather armour.
   505 | D:1      | 505 ||| READING scroll labelled QUKLIC PETIA.
   506 | D:1      | 506 ||| READING scroll labelled MEDYDO XILAV.
   509 | D:1      | 509 ||| DRINKING 2 fizzy golden potions.
   509 | D:1      | Gained mutation: You are strong-willed. (Will+) [potion of
                  | mutation]
   509 | D:1      | Gained mutation: You have an increased reservoir of magic.
                  | (+10% MP) [potion of mutation]
   510 | D:1      | 510 ||| DROPPING scroll of butterflies.
   558 | D:2      | Reached XP level 3. HP: 20/20 MP: 5/5
   581 | D:2      | Reached skill level 7 in Ranged Weapons
   874 | D:2      | Reached XP level 4. HP: 19/25 MP: 6/6
  1131 | D:2      | 1131 ||| UPGRADING to +0 ring mail.
  1141 | D:2      | 1141 ||| DROPPING +0 leather armour of willpower.
  1142 | D:2      | 1142 ||| READING scroll labelled MIUCVO FAIQI.
  1143 | D:2      | 1143 ||| READING scroll labelled HUOCHAITIA.
  1144 | D:2      | 1144 ||| READING 3 scrolls labelled URIAFI YNATZ.
  1145 | D:2      | 1145 ||| READING 2 scrolls of enchant weapon.
  1145 | D:2      | 1145 ||| ENCHANTING +1 shortbow of chaos.
  1146 | D:2      | 1146 ||| READING scroll of enchant weapon.
  1146 | D:2      | 1146 ||| ENCHANTING +2 shortbow of chaos.
  1204 | D:3      | Found a faded altar of an unknown god.
  1770 | D:3      | Noticed Natasha
  1775 | D:3      | Killed Natasha
  1776 | D:3      | Reached skill level 8 in Ranged Weapons
  1786 | D:3      | You fall into a shaft and drop 3 floors!
  1865 | D:6      | 1865 ||| UPGRADING to +0 pair of boots.
  1865 | D:6      | Killed from afar by an electric eel

Levels and vault maps discovered:
D:1:      evilmike_arrival_home_sweet_home, layout_basic, serial_shops,
          shop_fountains, corexii_leaking_fountain
D:2:      cheibrodos_greedy_goblins, layout_rooms, patterned_corridor
D:3:      layout_basic, ebering_ecumenical_altar_mist, uniq_natasha
D:6:      layout_basic, serial_bayou_lake_a

Skill      XL: |  1  2  3  4 |
---------------+-------------+-----
Ranged Weapons | 6 7 8 |  8.1
Fighting       | |  1.5
Dodging        | |  2.4
Stealth        | |  1.2

Action                     |  1- 3 |  4- 6 || total
---------------------------+-------+-------++-------
   Fire: Shortbow          |    93 |    36 ||   129
    Use: Scroll            |     2 |     5 ||     7
         Potion            |     1 |       ||     1
 Armour: Leather armour    |     3 |       ||     3
  Dodge: Dodged            |    11 |       ||    11

Table legend:
 A = Non-vault XP
 B = Vault XP
 C = Vault XP percentage of total XP
 D = Non-vault monster count
 E = Vault monster count
 F = Vault count percentage of total count
                 A         B        C        D         E       F
            +---------+---------+-------+---------+---------+-------
      Total |     118 |      49 |  29.3 |      50 |       9 |  15.3
            +---------+---------+-------+---------+---------+-------
        D:1 |      31 |       0 |   0.0 |      18 |       0 |   0.0
        D:2 |      57 |      16 |  21.9 |      15 |       8 |  34.8
        D:3 |      30 |      33 |  52.4 |      17 |       1 |   5.6
            +---------+---------+-------+---------+---------+-------
